| TOP OF THE 1ST |
|
El Paso Sun Kings batting - Pitching for Round Rock Express : RHP Glen Cook
|
|
Pitching: RHP Glen Cook
|
|
|
Batting: LHB Stanley Hendrickson
|
0-0: Called Strike 0-1: Foul Ball, location: 2F 0-2: Strikes out looking
|
|
Batting: RHB Chuckie Canady
|
0-0: Called Strike 0-1: SOLO HOME RUN (Flyball, 9D, EV 105.6 MPH), Distance : 385 ft
|
|
Batting: LHB Kevin Knuth
|
0-0: Called Strike 0-1: Fly out, F8 (Line Drive, 8RM, EV 95.0 MPH)
|
|
Batting: RHB Jon Hansen
|
0-0: Foul Ball, location: 2F 0-1: DOUBLE (Line Drive, 7LM, EV 109.4 MPH)
|
|
Batting: SHB Danny Torres
|
0-0: Ball 1-0: Called Strike 1-1: Ball 2-1: Foul Ball, location: 2F 2-2: Ball 3-2: Foul Ball, location: 2F 3-2: Ground out 4-3 (Groundball, 4, EV 98.1 MPH)
|
| Top of the 1st over - 1 run, 2 hits, 0 errors, 1 left on base; El Paso 1 - Round Rock 0 |
| BOTTOM OF THE 1ST |
|
Round Rock Express batting - Pitching for El Paso Sun Kings : RHP Charlie Puleo
|
|
Pitching: RHP Charlie Puleo
|
|
|
Batting: LHB Steve Lyons
|
0-0: Called Strike 0-1: Ball 1-1: Ball 2-1: Ball 3-1: SINGLE (Groundball, 4M, EV 80.6 MPH) (infield hit)
|
|
Batting: LHB Luis Armijo
|
0-0: Ball 1-0: SINGLE (Groundball, 34D, EV 103.1 MPH) Steve Lyons to second Runner from 2nd tries for 3rd, SAFE, throw by RF made to third
|
|
Batting: RHB Alejandro Sanchez
|
0-0: Called Strike 0-1: Ball 1-1: Ball 2-1: Ball 3-1: Fly out, F7 (Flyball, 78M, EV 94.4 MPH) Runner from 3rd tags up, SCORES, no throw by LF
|
|
Batting: LHB Al Chambers
|
0-0: Ball 1-0: Ball Wild Pitch! Luis Armijo to second 2-0: Called Strike 2-1: Ball 3-1: Base on Balls
|
|
Batting: RHB Gerald Miller
|
0-0: Fly out, F9 (Line Drive, 9, EV 109.4 MPH)
|
|
Batting: LHB Dave Sanchez
|
0-0: Ball 1-0: Ball 2-0: Ball 3-0: Called Strike 3-1: Called Strike 3-2: Base on Balls Luis Armijo to third Al Chambers to second
|
|
Batting: RHB Martyn Maxwell
|
0-0: Called Strike 0-1: Swinging Strike 0-2: Ball 1-2: Ground out 3-1 (Groundball, 34, EV 80.6 MPH)
|
| Bottom of the 1st over - 1 run, 2 hits, 0 errors, 3 left on base; El Paso 1 - Round Rock 1 |
| TOP OF THE 2ND |
|
El Paso Sun Kings batting - Pitching for Round Rock Express : RHP Glen Cook
|
|
Batting: RHB Danny Ramires
|
0-0: Ball 1-0: Ground out 4-3 (Groundball, 34D, EV 80.6 MPH)
|
|
Batting: RHB Carlos Rios
|
0-0: Called Strike 0-1: Called Strike 0-2: Foul Ball, location: 2F 0-2: Ball 1-2: Foul Ball, location: 2F 1-2: Ball 2-2: SINGLE (Groundball, 6M, EV 110.6 MPH) (infield hit)
|
|
Pinch Runner at 1st Michael Hanson:
|
|
|
Batting: SHB Wayne Stone
|
0-0: Ball 1-0: Called Strike 1-1: Grounds into double play, 5-4-3 (Groundball, 56, EV 94.4 MPH)
|
| Top of the 2nd over - 0 runs, 1 hit, 0 errors, 0 left on base; El Paso 1 - Round Rock 1 |
| BOTTOM OF THE 2ND |
|
Round Rock Express batting - Pitching for El Paso Sun Kings : RHP Charlie Puleo
|
|
Now at SS: Michael Hanson
|
|
|
Batting: LHB James Jennings
|
0-0: Ground out 4-3 (Groundball, 4M, EV 85.0 MPH)
|
|
Batting: RHB Mike Sodders
|
0-0: Called Strike 0-1: Ball 1-1: Called Strike 1-2: Ball 2-2: Foul Ball, location: 2F 2-2: Strikes out looking
|
|
Batting: LHB Steve Lyons
|
0-0: Reached via error on a dropped throw from SS, E3 (Groundball, 6, EV 91.3 MPH)
|
|
Batting: LHB Luis Armijo
|
0-0: Ball 1-0: Called Strike 1-1: Ball 2-1: Ball 3-1: Swinging Strike 3-2: Foul Ball, location: 2F 3-2: Ground out 5-3 (Groundball, 5, EV 101.9 MPH)
|
| Bottom of the 2nd over - 0 runs, 0 hits, 1 error, 1 left on base; El Paso 1 - Round Rock 1 |
| TOP OF THE 3RD |
|
El Paso Sun Kings batting - Pitching for Round Rock Express : RHP Glen Cook
|
|
Batting: RHB Bruce Benedict
|
0-0: Ball 1-0: Foul Ball, location: 2F 1-1: Ground out U3 (Groundball, 3S, EV 63.8 MPH)
|
|
Batting: LHB Stanley Hendrickson
|
0-0: Ball 1-0: Ball 2-0: Called Strike 2-1: Called Strike 2-2: Strikes out looking
|
|
Batting: RHB Chuckie Canady
|
0-0: Called Strike 0-1: Ball 1-1: Foul Ball, location: 2F 1-2: Ground out 5-3 (Groundball, 5L, EV 86.3 MPH)
|
| Top of the 3rd over - 0 runs, 0 hits, 0 errors, 0 left on base; El Paso 1 - Round Rock 1 |
| BOTTOM OF THE 3RD |
|
Round Rock Express batting - Pitching for El Paso Sun Kings : RHP Charlie Puleo
|
|
Batting: RHB Alejandro Sanchez
|
0-0: Fly out, F4 (Popup, 13, EV 85.6 MPH)
|
|
Batting: LHB Al Chambers
|
0-0: SINGLE (Line Drive, 3, EV 93.8 MPH)
|
|
Batting: RHB Gerald Miller
|
0-0: Foul Ball, location: 2F 0-1: Foul Ball, location: 2F 0-2: Ball 1-2: Foul Ball, location: 2F 1-2: Ball 2-2: SINGLE (Flyball, 56D, EV 91.9 MPH) Al Chambers to second
|
|
Batting: LHB Dave Sanchez
|
0-0: Called Strike Al Chambers steals 3rd base Gerald Miller to second 0-1: Ball 1-1: Called Strike 1-2: Strikes out looking
|
|
Batting: RHB Martyn Maxwell
|
0-0: Fly out, F8 (Flyball, 78D, EV 104.4 MPH)
|
| Bottom of the 3rd over - 0 runs, 2 hits, 0 errors, 2 left on base; El Paso 1 - Round Rock 1 |
| TOP OF THE 4TH |
|
El Paso Sun Kings batting - Pitching for Round Rock Express : RHP Glen Cook
|
|
Batting: LHB Kevin Knuth
|
0-0: Ball 1-0: Swinging Strike 1-1: Called Strike 1-2: Ball 2-2: Ball 3-2: Ground out 4-3 (Groundball, 4, EV 90.6 MPH)
|
|
Batting: RHB Jon Hansen
|
0-0: Ball 1-0: Ground out 4-3 (Groundball, 13, EV 81.9 MPH)
|
|
Batting: SHB Danny Torres
|
0-0: Called Strike 0-1: Swinging Strike 0-2: Ball 1-2: Foul Ball, location: 2F 1-2: Strikes out swinging
|
| Top of the 4th over - 0 runs, 0 hits, 0 errors, 0 left on base; El Paso 1 - Round Rock 1 |
| BOTTOM OF THE 4TH |
|
Round Rock Express batting - Pitching for El Paso Sun Kings : RHP Charlie Puleo
|
|
Batting: LHB James Jennings
|
0-0: Ball 1-0: Foul Ball, location: 2F 1-1: Foul Ball, location: 2F 1-2: Ball 2-2: Ball 3-2: Foul Ball, location: 2F 3-2: Fly out, F9 (Line Drive, 9, EV 91.9 MPH)
|
|
Batting: RHB Mike Sodders
|
0-0: Ball 1-0: Ball 2-0: Ball 3-0: Base on Balls
|
|
Batting: LHB Steve Lyons
|
0-0: Ball 1-0: Called Strike 1-1: Foul Ball, location: 2F 1-2: Foul Ball, location: 2F 1-2: Ball 2-2: Fielders Choice at 2nd, 5-4 (Groundball, 56, EV 110.0 MPH)
|
|
Batting: LHB Luis Armijo
|
0-0: Ball Steve Lyons is caught stealing 2nd base 2-6
|
| Bottom of the 4th over - 0 runs, 0 hits, 0 errors, 0 left on base; El Paso 1 - Round Rock 1 |
| TOP OF THE 5TH |
|
El Paso Sun Kings batting - Pitching for Round Rock Express : RHP Glen Cook
|
|
Batting: RHB Danny Ramires
|
0-0: Foul Ball, location: 2F 0-1: Ball 1-1: Ball 2-1: Ball 3-1: Swinging Strike 3-2: Foul Ball, location: 2F 3-2: Strikes out swinging
|
|
Batting: RHB Michael Hanson
|
0-0: Called Strike 0-1: DOUBLE (Line Drive, 7LM, EV 106.3 MPH)
|
|
Batting: SHB Wayne Stone
|
0-0: Fly out, F8 (Flyball, 78D, EV 98.1 MPH)
|
|
Batting: RHB Bruce Benedict
|
0-0: Ball 1-0: Ball 2-0: Called Strike 2-1: SINGLE (Groundball, 34D, EV 106.3 MPH) Michael Hanson to third Runner from 3rd tries for Home, SAFE, throw by RF to home
|
|
Batting: LHB Stanley Hendrickson
|
0-0: Swinging Strike Pickoff Throw to First - Out! 1-3
|
| Top of the 5th over - 1 run, 2 hits, 0 errors, 0 left on base; El Paso 2 - Round Rock 1 |
| BOTTOM OF THE 5TH |
|
Round Rock Express batting - Pitching for El Paso Sun Kings : RHP Charlie Puleo
|
|
Batting: LHB Luis Armijo
|
0-0: Ball 1-0: Called Strike 1-1: Ball 2-1: Ball 3-1: Swinging Strike 3-2: Fly out, F8 (Flyball, 89M, EV 90.0 MPH)
|
|
Batting: RHB Alejandro Sanchez
|
0-0: Called Strike 0-1: Fly out, F9 (Line Drive, 9, EV 90.6 MPH)
|
|
Batting: LHB Al Chambers
|
0-0: Swinging Strike 0-1: Swinging Strike 0-2: Ball 1-2: Strikes out swinging
|
| Bottom of the 5th over - 0 runs, 0 hits, 0 errors, 0 left on base; El Paso 2 - Round Rock 1 |
| TOP OF THE 6TH |
|
El Paso Sun Kings batting - Pitching for Round Rock Express : RHP Glen Cook
|
|
Batting: LHB Stanley Hendrickson
|
0-0: Ball 1-0: Ball 2-0: Ground out 4-3 (Groundball, 4, EV 84.4 MPH)
|
|
Batting: RHB Chuckie Canady
|
0-0: Called Strike 0-1: Ball 1-1: Swinging Strike 1-2: Strikes out swinging
|
|
Batting: LHB Kevin Knuth
|
0-0: Called Strike 0-1: Ball 1-1: Swinging Strike 1-2: Ball 2-2: Fly out, F8 (Flyball, 89D, EV 95.6 MPH)
|
| Top of the 6th over - 0 runs, 0 hits, 0 errors, 0 left on base; El Paso 2 - Round Rock 1 |
| BOTTOM OF THE 6TH |
|
Round Rock Express batting - Pitching for El Paso Sun Kings : RHP Charlie Puleo
|
|
Batting: RHB Gerald Miller
|
0-0: Called Strike 0-1: Ball 1-1: Called Strike 1-2: Strikes out swinging
|
|
Batting: LHB Dave Sanchez
|
0-0: Ball 1-0: Called Strike 1-1: SINGLE (Line Drive, 8LM, EV 96.9 MPH)
|
|
Batting: RHB Martyn Maxwell
|
0-0: SINGLE (Line Drive, 56D, EV 97.5 MPH) Dave Sanchez to second
|
|
Batting: LHB James Jennings
|
0-0: Ball 1-0: Called Strike 1-1: Called Strike 1-2: SINGLE (Groundball, 25, EV 65.6 MPH) (infield hit) Dave Sanchez to third Martyn Maxwell to second
|
|
Batting: RHB Mike Sodders
|
0-0: Ball 1-0: Called Strike 1-1: Ball 2-1: Foul Ball, location: 2F 2-2: Ball 3-2: Base on Balls Dave Sanchez scores Martyn Maxwell to third James Jennings to second
|
|
Batting: LHB Steve Lyons
|
0-0: Called Strike 0-1: SINGLE (Line Drive, 4D, EV 94.4 MPH) Martyn Maxwell scores James Jennings to third Mike Sodders to second Runner from 3rd tries for Home, SAFE, throw by RF to home
|
|
Batting: LHB Luis Armijo
|
0-0: Ball 1-0: Foul Ball, location: 2F 1-1: Foul Ball, location: 2F 1-2: Ball 2-2: Fly out, F9 (Flyball, 9S, EV 91.9 MPH)
|
|
Batting: RHB Alejandro Sanchez
|
0-0: Called Strike 0-1: Ground out 5-3 (Groundball, 56S, EV 83.1 MPH)
|
| Bottom of the 6th over - 3 runs, 4 hits, 0 errors, 2 left on base; El Paso 2 - Round Rock 4 |
| TOP OF THE 7TH |
|
El Paso Sun Kings batting - Pitching for Round Rock Express : RHP Glen Cook
|
|
Batting: RHB Jon Hansen
|
0-0: Ball 1-0: Called Strike 1-1: Ball 2-1: SINGLE (Groundball, 6, EV 96.9 MPH)
|
|
Batting: SHB Danny Torres
|
0-0: Ball 1-0: Ball 2-0: Called Strike 2-1: Ball 3-1: Base on Balls Jon Hansen to second
|
|
Batting: RHB Danny Ramires
|
0-0: Ball 1-0: Ball 2-0: Bunt missed! 2-1: Ball 3-1: Bunt missed! 3-2: Fly out, F8 (Flyball, 78M, EV 95.0 MPH)
|
|
Pinch Hitting: SHB Keith Thrower
|
0-0: Ball 1-0: Fly out, F9 (Flyball, 9S, EV 89.4 MPH)
|
|
Batting: SHB Wayne Stone
|
0-0: SINGLE (Groundball, 34D, EV 106.9 MPH) (infield hit) Jon Hansen to third Danny Torres to second
|
|
Batting: RHB Bruce Benedict
|
0-0: Called Strike 0-1: Foul Ball, location: 2F 0-2: SINGLE (Groundball, 4MD, EV 99.4 MPH) Jon Hansen scores Danny Torres to third Wayne Stone to second Runner from 3rd tries for Home, SAFE, throw by CF to home
|
|
Pitching: RHP Richard Dotson
|
|
|
Batting: LHB Stanley Hendrickson
|
0-0: Ball 1-0: Ball 2-0: Ball 3-0: Base on Balls Wayne Stone to third Bruce Benedict to second
|
|
Batting: RHB Chuckie Canady
|
0-0: Ball 1-0: Ground out 4-3 (Groundball, 4MS, EV 65.6 MPH)
|
| Top of the 7th over - 2 runs, 3 hits, 0 errors, 3 left on base; El Paso 4 - Round Rock 4 |
| BOTTOM OF THE 7TH |
|
Round Rock Express batting - Pitching for El Paso Sun Kings : RHP Charlie Puleo
|
|
Now at SS: Keith Thrower
|
|
|
Batting: LHB Al Chambers
|
0-0: Ball 1-0: Ball 2-0: Called Strike 2-1: Swinging Strike 2-2: Strikes out swinging
|
|
Batting: RHB Gerald Miller
|
0-0: Ball 1-0: Ball 2-0: Called Strike 2-1: SINGLE (Flyball, 3D, EV 90.0 MPH)
|
|
Batting: LHB Dave Sanchez
|
0-0: Ball 1-0: Called Strike 1-1: Foul Ball, location: 2F 1-2: Foul Ball, location: 2F 1-2: Foul Ball, location: 2F 1-2: Ball 2-2: Ball 3-2: Foul Ball, location: 2F 3-2: Foul Ball, location: 2F 3-2: Fly out, F7 (Flyball, 78S, EV 90.0 MPH)
|
|
Batting: RHB Martyn Maxwell
|
0-0: Ball 1-0: Called Strike 1-1: Foul Ball, location: 2F 1-2: Strikes out looking
|
| Bottom of the 7th over - 0 runs, 1 hit, 0 errors, 1 left on base; El Paso 4 - Round Rock 4 |
| TOP OF THE 8TH |
|
El Paso Sun Kings batting - Pitching for Round Rock Express : RHP Richard Dotson
|
|
Batting: LHB Kevin Knuth
|
0-0: Ball 1-0: Called Strike 1-1: Swinging Strike 1-2: Strikes out swinging
|
|
Batting: RHB Jon Hansen
|
0-0: Called Strike 0-1: Ball 1-1: Foul Ball, location: 2F 1-2: Strikes out swinging
|
|
Batting: SHB Danny Torres
|
0-0: Ground out U3 (Groundball, 3, EV 99.4 MPH)
|
| Top of the 8th over - 0 runs, 0 hits, 0 errors, 0 left on base; El Paso 4 - Round Rock 4 |
| BOTTOM OF THE 8TH |
|
Round Rock Express batting - Pitching for El Paso Sun Kings : RHP Charlie Puleo
|
|
Batting: LHB James Jennings
|
0-0: Called Strike 0-1: Fly out, F8 (Flyball, 89S, EV 91.3 MPH)
|
|
Batting: RHB Mike Sodders
|
0-0: SINGLE (Groundball, 56D, EV 95.0 MPH)
|
|
Batting: LHB Steve Lyons
|
0-0: Ball 1-0: Foul Ball, location: 2F 1-1: Ball 2-1: 2-RUN HOME RUN (Flyball, 9D, EV 95.6 MPH), Distance : 359 ft
|
|
Pitching: RHP Charles Belk
|
|
|
Batting: LHB Luis Armijo
|
0-0: Ball 1-0: SOLO HOME RUN (Flyball, 9D, EV 103.8 MPH), Distance : 355 ft
|
|
Batting: RHB Alejandro Sanchez
|
0-0: Swinging Strike 0-1: Fly out, F9 (Line Drive, 9D, EV 91.9 MPH)
|
|
Batting: LHB Al Chambers
|
0-0: Foul Ball, location: 2F 0-1: Swinging Strike 0-2: Foul Ball, location: 2F 0-2: Ball 1-2: Ground out 1-3 (Groundball, 13S, EV 64.4 MPH)
|
| Bottom of the 8th over - 3 runs, 3 hits, 0 errors, 0 left on base; El Paso 4 - Round Rock 7 |
| TOP OF THE 9TH |
|
El Paso Sun Kings batting - Pitching for Round Rock Express : RHP Richard Dotson
|
|
Batting: RHB Danny Ramires
|
0-0: Called Strike 0-1: Fly out, F7 (Flyball, 7D, EV 103.8 MPH)
|
|
Batting: SHB Keith Thrower
|
0-0: Ground out 2-3 (Groundball, 13S, EV 70.0 MPH)
|
|
Batting: SHB Wayne Stone
|
0-0: Swinging Strike 0-1: Ball 1-1: Called Strike 1-2: Fly out, F7 (Flyball, 78D, EV 98.1 MPH)
|
| Top of the 9th over - 0 runs, 0 hits, 0 errors, 0 left on base; El Paso 4 - Round Rock 7 |
|